 Dungeon Crawl Stone Soup version 0.28-a0-422-gd71735cc25 (webtiles) character file.

Game seed: 8305677148155564030

161 robertstho the Magician (level 5, -2/38 HPs)
             Began as a Djinni Fire Elementalist on Sept 8, 2021.
             Was an Initiate of Gozag.
             Slain by a black bear (4 damage)
             ... on level 5 of the Dungeon.
             The game lasted 00:04:50 (3876 turns).

robertstho the Magician (Djinni Fire Elementalist)  Turns: 3876, Time: 00:04:52

Health: -2/38      AC:  2    Str:  7    XL:     5   Next: 70%
Gold:   94         EV: 12    Int: 17    God:    Gozag SH:  0 Dex: 14

rFire   + + .      SeeInvis .   f - +1 dagger (elec)
rCold   x . .      Faith    .   (no shield)
rNeg    . . .      Spirit   .   a - +0 robe
rPois   ∞          Reflect  .   (no helmet)
rElec   .          Harm     .   (no cloak)
rCorr   .          Rampage  .   (no gloves)
Will    .....                   (boots unavailable)
Stlth   ++........              (no amulet)
HPRegen 0.12/turn               (no ring)
MPRegen 0.00/turn               (no ring)

@: flying
A: sickness immunity, fire resistance 2, cold vulnerability 1, float, innate
caster, hp casting, extra vitality 1
a: Renounce Religion, Potion Petition, Call Merchant, Bribe Branch


You were on level 5 of the Dungeon.
You worshipped Gozag.
Gozag was noncommittal.
You visited 1 branch of the dungeon, and saw 5 of its levels.

You collected 167 gold pieces.
You spent 48 gold pieces at shops.
You paid 25 gold pieces to Gozag.

Inventory:

Hand Weapons
 f - a +1 dagger of electrocution (weapon)
Missiles
 g - a throwing net
Armour
 a - a +0 robe (worn)
Wands
 l - a wand of acid (5)
Scrolls
 e - a scroll of amnesia {unknown}
 j - a scroll of teleportation
 n - a scroll of fog {unknown}
 q - a scroll of blinking
Potions
 b - a potion of ambrosia {unknown}
 c - a potion of curing
 i - 2 potions of heal wounds {unknown}
 k - 2 potions of lignification {unknown}
 m - a potion of might {unknown}
 o - a potion of resistance {unknown}
 p - a potion of haste {unknown}


   Skills:
 * Level 2.0 Fighting
 + Level 2.7 Dodging
 + Level 1.7 Stealth
 * Level 4.0 Spellcasting


You couldn't memorise any spells.
You knew the following spells:

 Your Spells              Type           Power      Damage    Failure   Level
a - Foxfire               Conj/Fire      68%        2x1d7     3%          1
b - Scorch                Fire           34%        2d6       4%          2
c - Conjure Flame         Conj/Fire      17%        6-21      9%          3
d - Inner Flame           Hex/Fire       17%        N/A       9%          3
e - Flame Wave            Conj/Fire      17%        3d5       30%         4
f - Summon Small Mammal   Summ           68%        N/A       3%          1
g - Slow                  Hex            17%        N/A       4%          2
Your spell library was empty.

Dungeon Overview and Level Annotations

Branches:
Dungeon (5/15)
 Temple: D:4-7

Altars:
Gozag

Shops:
D:1 *   D:3 *

Annotations:
D:5 Blork the orc


Innate Abilities, Weirdness & Mutations

You are immune to sickness and miasma.
You are immune to poison.
Your flesh is very heat resistant. (rF++)
You are vulnerable to cold. (rC-)
You float through the air rather than walking.
You learn spells naturally, not from books.
Your magical power is your life essence.
You have superior vitality. (+4 HP)


Message History

Found a trident.
The orc moves out of view.
Your magical contamination has completely faded away.
You start resting.
An ogre is nearby!
As you read the scroll of teleportation, it crumbles to dust.
You feel strangely unstable.
Okay, then.
As you read the scroll labelled QITO VOGGU, it crumbles to dust.
You hear a loud clanging noise!
It was a scroll of noise.
You hear a shout!
You hear an angry hiss. x3; You hear a shout! x4
Drop what? 17/52 slots (_ for help) (? for menu, Esc to quit)
You drop a potion of degeneration.
You drop a scroll of noise.
Blink to where?
Press: ? - help, Dir - move target
As you read the scroll labelled APOAHO KOW WABB, it crumbles to dust.
It was a scroll of blinking.
Your surroundings suddenly seem different.
A kobold and an orc come into view.
The kobold throws a stone.
The stone completely misses you.
The orc moves out of view.
Found 10 gold pieces.
The kobold throws a stone.
The stone barely misses you.
You feel better.
The kobold throws a stone.
The stone hits you but does no damage.
Found a glowing ruby potion.
Found a stone staircase leading down.
The kobold throws a stone.
The stone hits you but does no damage.
Found 13 gold pieces.
There is a stone staircase leading down here.
The kobold throws a stone.
The stone hits you.
* * * LOW HITPOINT WARNING * * *
You fly downwards.
There is a stone staircase leading up here.
The black bear bites you!
* * * LOW HITPOINT WARNING * * *
The black bear claws you.
* * * LOW HITPOINT WARNING * * *
The black bear claws you.
You die...
Your body crumbles into a pile of gold.

#+###+#
.......
..o....
.......##
......h<#
#..h...@#
#.......#
#.......#
#.......#
#.......#
#.......#
#.###+#.#
$ #. #.#


You could see Blork the orc, a black bear and a hound (asleep).

Vanquished Creatures
  A hound (D:4)
  Jessica (D:3)
  An orc wizard (D:3)
  An adder (D:2)
  A worm (D:2)
  3 dart slugs
  5 orcs
  3 ball pythons
  4 bats
  4 endoplasms
  4 giant cockroaches
  7 hobgoblins
  2 jackals (D:2)
  3 quokkas
  A frilled lizard (D:3)
  4 goblins
  3 kobolds
  7 rats
55 creatures vanquished.

Vanquished Creatures (collateral kills)
  51 foxfires
51 creatures vanquished.

Vanquished Creatures (others)
  251 foxfires
251 creatures vanquished.

Grand Total: 357 creatures vanquished

Notes
Turn   | Place    | Note
-------+----------+-------------------------------------------
     0 | D:1      | robertstho the Djinni Fire Elementalist began the quest for
                  | the Orb.
     0 | D:1      | Reached XP level 1. HP: 15/15 MP: 0/0
   483 | D:1      | Reached XP level 2. HP: 22/22 MP: 0/0
   571 | D:1      | Found Duzamuj's General Store.
   578 | D:1      | Bought a potion of curing for 36 gold pieces
   578 | D:1      | Bought a potion of degeneration for 12 gold pieces
   997 | D:1      | Found a faded altar of an unknown god.
  1400 | D:2      | Reached XP level 3. HP: 21/26 MP: 0/0
  1400 | D:2      | Learned a level 1 spell: Summon Small Mammal
  1614 | D:2      | Reached skill level 3 in Spellcasting
  1803 | D:2      | Reached skill level 1 in Fighting
  2174 | D:2      | Reached XP level 4. HP: 26/32 MP: 0/0
  2766 | D:3      | Noticed Jessica
  2780 | D:3      | Killed Jessica
  3088 | D:3      | Found Gozag's Platinum Reserve.
  3092 | D:3      | Found an opulent altar of Gozag.
  3105 | D:3      | Became a worshipper of Gozag Ym Sagoz the Greedy
  3206 | D:3      | Reached XP level 5. HP: 31/38 MP: 0/0
  3206 | D:3      | Learned a level 2 spell: Slow
  3843 | D:4      | Reached skill level 4 in Spellcasting
  3850 | D:4      | Noticed an ogre
  3875 | D:5      | Entered Level 5 of the Dungeon
  3875 | D:5      | Noticed Blork the orc
  3875 | D:5      | Noticed a black bear
  3876 | D:5      | Slain by a black bear

Illustrated notes

Levels and vault maps discovered:
D:1:      dpeg_arrival_chambers_temple_mockup, layout_basic,
          dreamdust_ecumenical_altar_grove, serial_shops, nicolae_diamond_shop
D:2:      layout_basic
D:3:      layout_basic, nicolae_gozag_zags_fifth_avenue, minmay_hedge_maze,
          nrook_loot_triangle, nrook_uturn, minmay_misc_feat_hallway,
          uniq_jessica
D:4:      layout_rooms, lemuel_zombie_altar_yredelemnul,
          minmay_temple_entry_junction_2
D:5:      layout_basic, uniq_eustachio, uniq_blork_the_orc

Skill      XL: |  1  2  3  4  5 |
---------------+----------------+-----
Spellcasting   | 3 4 |  4.0
Fighting       | 1 2 |  2.0
Dodging        | |  2.7
Stealth        | |  1.7

Action                   |  1- 3 |  4- 6 || total
-------------------------+-------+-------++-------
Melee: Dagger            |     2 |       ||     2
 Cast: Foxfire           |    80 |    90 ||   170
       Scorch            |     1 |     4 ||     5
  Use: Scroll            |     1 |     4 ||     5
       Potion            |       |     1 ||     1
Armor: Robe              |       |     3 ||     3
Dodge: Dodged            |     2 |    23 ||    25

Table legend: (Time is in decaauts)
 A = Elapsed time spent in this place.
 B = Non-inter-level travel time spent in this place.
 C = Inter-level travel time spent in this place.
 D = Time resting spent in this place.
 E = Time spent auto-exploring this place.
 F = Levels seen in this place.
 G = Mean time per level.
                   A        B        C        D        E       F      G
               +--------+--------+--------+--------+--------+-----+--------+
         Total |   3875 |   3746 |    129 |      5 |   3320 |   5 |  775.0 |
       Dungeon |   3875 |   3746 |    129 |      5 |   3320 |   5 |  775.0 |
               +--------+--------+--------+--------+--------+-----+--------+

Top non-repeatable levels by time:
     D:2: 1365 daAuts
     D:3: 1249 daAuts
     D:1: 1215 daAuts
     D:4: 44 daAuts
     D:5: 0 daAuts
